 Dungeon Crawl Stone Soup version 0.23.2-33-g5129a83 (webtiles) character file.

Game seed: 5429013589448506983

57837 Praxis the Severer (level 14, -18/126 HPs)
             Began as a Minotaur Fighter on June 15, 2019.
             Was a High Priest of Okawaru.
             Demolished by Saint Roka
             ... wielding a +4 great mace of crushing
              (35 damage)
             ... on level 2 of the Orcish Mines on June 28, 2019.
             The game lasted 01:02:50 (20669 turns).

Praxis the Severer (Minotaur Fighter)              Turns: 20669, Time: 01:02:52

Health: -18/126    AC: 14    Str: 29      XL:     14   Next: 47%
Magic:  23/23      EV: 16    Int:  4 (5)  God:    Okawaru [*****.]
Gold:   1542       SH: 14    Dex: 12      Spells: 14/14 levels left

rFire    . . .     SeeInvis .   I - +4 broad axe (flame)
rCold    . . .     Gourm    .   c - +0 shield
rNeg     . . .     Faith    .   n - +0 plate armour
rPois    +         Spirit   .   (helmet restricted)
rElec    .         Reflect  .   g - scarf {repulsion}
rCorr    .         Harm     .   (no gloves)
MR       +....                  y - +0 pair of boots {Stlth+}
Stlth    ..........             F - amulet of magic regeneration
HPRegen  0.31/turn              i - ring of poison resistance
MPRegen  0.43/turn              r - +3 ring of evasion

@: mighty, heroism, corroded, lightly drained, repel missiles
A: retaliatory headbutt, claws 1, horns 2, blurry vision 1, deterioration 1,
sense surroundings 1
a: Heroism, Finesse, Renounce Religion


You were on level 2 of the Orcish Mines.
You worshipped Okawaru.
Okawaru was extremely pleased with you.
You were hungry.

You visited 4 branches of the dungeon, and saw 21 of its levels.

You collected 1542 gold pieces.

Inventory:

Hand Weapons
 D - a +2 broad axe of freezing
 H - a +0 broad axe
 I - a +4 broad axe of flaming (weapon)
 S - a +2 antimagic war axe
Missiles
 u - 10 poisoned tomahawks
 v - 18 poisoned needles
 w - 180 bolts
 x - 129 sling bullets
 J - 13 curare-tipped needles
 K - 4 needles of sleeping
 R - 7 exploding tomahawks (quivered)
Armour
 c - a +0 shield (worn)
 g - a scarf of repulsion (worn)
 n - a +0 plate armour (worn)
 o - a +2 hat
 p - a +0 pair of gloves
 y - a +0 pair of boots of stealth (worn)
 O - a scarf of spirit shield
 Q - a +3 scale mail of poison resistance
Jewellery
 i - a ring of poison resistance (left claw)
 r - a +3 ring of evasion (right claw)
 s - an uncursed ring of protection from fire
 F - an amulet of magic regeneration (around neck)
Wands
 e - a wand of enslavement (12)
 h - a wand of disintegration (12)
 q - a wand of paralysis (23)
 B - a wand of random effects (44)
Scrolls
 b - 10 scrolls of identify
 j - 5 scrolls of fear
 k - a scroll of amnesia
 m - 5 scrolls of remove curse
 A - 2 scrolls of teleportation
 E - a scroll of blinking
 L - a scroll of fog
 P - a scroll of magic mapping
Potions
 d - 2 potions of might
 l - 6 potions of flight
 t - a potion of heal wounds
 z - 7 potions of curing
 C - 2 potions of lignification
 G - a potion of ambrosia
 M - a potion of cancellation
 N - a potion of berserk rage
Comestibles
 f - 43 rations


   Skills:
 * Level 12.1(16.4) Fighting
 * Level 16.2(20.4) Axes
 * Level 11.0(15.3) Armour
 * Level 5.2(9.6) Dodging
 - Level 10.0(14.3) Shields
 - Level 0.6(0.1) Spellcasting
 * Level 14.1(13.5) Invocations


You had 14 spell levels left.
You didn't know any spells.
Your spell library contained the following spells:

 Spells                   Type           Power        Failure   Level  Hunger
 Animate Skeleton         Necr           N/A          98%         1    ##.....
 Apportation              Tloc           #.....       98%         1    ##.....
 Confusing Touch          Hex            #.....       98%         1    ##.....
 Flame Tongue             Conj/Fire      #....        98%         1    ##.....
 Freeze                   Ice            #...         98%         1    ##.....
 Magic Dart               Conj           #...         98%         1    ##.....
 Summon Small Mammal      Summ           #...         98%         1    ##.....
 Blink                    Tloc           N/A          99%         2    ###....
 Call Imp                 Summ           #.......     99%         2    ###....
 Slow                     Hex            #.......     99%         2    ###....
 Swiftness                Chrm/Air       #.......     99%         2    ###....
 Throw Flame              Conj/Fire      #.....       99%         2    ###....
 Throw Frost              Conj/Ice       #.....       99%         2    ###....
 Conjure Flame            Conj/Fire      #.......     100%        3    ####...
 Ignite Poison            Fire/Tmut/Pois #.......     100%        3    ####...
 Inner Flame              Hex/Fire       #.......     100%        3    ####...
 Mephitic Cloud           Conj/Pois/Air  #.......     100%        3    ####...
 Ozocubu's Armour         Chrm/Ice       #.......     100%        3    ####...
 Sticky Flame             Conj/Fire      #.......     100%        4    #####..
 Summon Ice Beast         Ice/Summ       #.......     100%        4    #####..
 Throw Icicle             Conj/Ice       #.......     100%        4    #####..
 Fireball                 Conj/Fire      #.........   100%        5    ######.
 Lightning Bolt           Conj/Air       #.........   100%        5    ######.
 Silence                  Hex/Air        #.........   100%        5    ######.


Dungeon Overview and Level Annotations

Branches:
Dungeon (12/15)            Temple (1/1) D:6            Lair (6/6) D:9
 Shoals (0/4) Lair:3       Spider (0/4) Lair:2        Slime (0/5) Lair:5
    Orc (2/2) D:12
    Elf: Orc:2

Altars:
Ashenzari
Cheibriados
Dithmenos
Elyvilon
Fedhas
Gozag
Hepliaklqana
Kikubaaqudgha
Makhleb
Nemelex Xobeh
Okawaru
Qazlal
Ru
Sif Muna
Trog
Uskayaw
Vehumet
Wu Jian
Xom
Yredelemnul
The Shining One
Beogh
Jiyva

Shops:
Orc:1 (

Annotations:
Orc:2 Blork the orc, Saint Roka


Innate Abilities, Weirdness & Mutations

You reflexively headbutt those who attack you in melee.
You have a pair of horns on your head.
You have sharp fingernails.
Scrolls take you a little longer to read.
Your body sometimes deteriorates upon taking damage.
You passively map a small area around you.


Message History

You burn the orc knight.
You completely miss the orc high priest.
You slash the rust devil!
The orc high priest calls upon Beogh to heal the orc knight.
The orc knight is healed somewhat.
Saint Roka invokes the aid of Beogh against you.
Beogh smites you!
* * * LOW HITPOINT WARNING * * *
The orc wizard casts a spell.
The orc wizard seems to speed up.
The ynoxinul gestures.
The orc knight completely misses you. The rust devil hits you.
The rust devil corrodes you! You block the orc sorcerer's attack.
You barely miss the orc sorcerer. You headbutt the orc sorcerer!!
The orc sorcerer is almost dead.
You hit Saint Roka. You slash the orc knight! You burn the orc knight.
You barely miss the orc high priest. You hit the rust devil.
The orc high priest no longer looks unusually strong.
Saint Roka hits you with a +4 great mace of crushing!!
You die...

, ......._....... * ,
, ............... ,
............. * *
#.........# *
.....o.o. * #.ooo.# ,
, #..oo4# * *#8oo@8#
, * ,** #)33o.# *
#)().5# ,* ##5)).##
## , #..).## ##. ,
##..## #### #.. .
.###...##.#.## ### #.
....#.#.#......###.##
# ..
#........#.......## #


You could see Saint Roka, 2 orc knights, an orc high priest, a sun demon, a rust
devil, a ynoxinul, an orc sorcerer, Blork the orc, 2 orc warriors, 2 orc wizards
and 2 ufetubi.

Vanquished Creatures
  Gastronok (D:8)
  A stone giant (Orc:1)
  Josephine (D:10)
  Erolcha (D:11)
  3 hydras
  7 two-headed ogres
  A catoblepas (Lair:6)
  A deep troll shaman (Lair:6)
  Erica (Lair:1)
  7 death yaks
  Urug (Orc:1)
  Nergalle (D:11)
  Sonja (D:10)
  An unseen horror (D:12)
  A lindwurm (Lair:6)
  3 orc sorcerers
  A manticore (D:12)
  2 ugly things (D:11)
  6 black mambas
  A centaur zombie (D:12)
  Psyche (D:10)
  7 elephants (Lair:6)
  7 spiny frogs
  5 rime drakes
  2 kobold demonologists (D:12)
  7 komodo dragons
  A troll (D:12)
  A hornet (D:10)
  A merfolk (Lair:3)
  2 polar bears (Lair:6)
  14 blink frogs
  7 hippogriffs
  A spriggan (D:8)
  2 redbacks (Lair:2)
  3 wraiths (D:10)
  Sigmund (D:2)
  4 wyverns
  6 basilisks
  3 hungry ghosts
  23 yaks
  2 wargs
  A soldier ant (D:12)
  An acid dragon (D:12)
  15 water moccasins
  25 orc warriors
  13 porcupines
  A black bear (Lair:6)
  4 ice beasts
  2 sky beasts
  An eye of draining (D:12)
  12 ogres
  3 phantoms
  14 wolves
  2 necrophages
  11 crocodiles
  2 centaurs (D:8)
  4 big kobolds
  8 bullfrogs
  4 scorpions
  16 killer bees
  4 wights (D:11)
  6 howler monkeys
  2 electric eels (Lair:3)
  A bullfrog zombie (D:12)
  5 crimson imps
  A quasit (D:12)
  Crazy Yiuf (D:2)
  8 hounds
  10 orc priests
  3 jellies
  2 centaur skeletons
  2 bullfrog skeletons
  Natasha (twice) (D:2)
  22 orc wizards
  4 iguanas
  4 hell rats (Lair:3)
  13 worker ants
  A howler monkey zombie (D:5)
  14 adders
  2 shadow imps
  An ooze (D:4)
  An adder skeleton (D:6)
  3 dart slugs
  11 leopard geckos
  78 orcs
  8 giant cockroaches
  7 goblins
  10 hobgoblins
  9 jackals
  5 quokkas
  4 ball pythons
  9 bats
  9 frilled lizards
  6 hobgoblin zombies (D:7)
  19 kobolds
  An orc zombie (D:7)
  11 rats
  2 fungi
  8 plants
590 creatures vanquished.

Vanquished Creatures (others)
  An orc priest (Orc:2)
  2 bushes (D:9)
  3 fungi
  11 plants
17 creatures vanquished.

Grand Total: 607 creatures vanquished

Notes
Turn   | Place    | Note
-------+----------+-------------------------------------------
     0 | D:1      | Praxis the Minotaur Fighter began the quest for the Orb.
     0 | D:1      | Reached XP level 1. HP: 19/19 MP: 0/0
   184 | D:1      | Reached XP level 2. HP: 24/27 MP: 1/1
   195 | D:1      | Reached skill level 3 in Axes
   318 | D:1      | Reached XP level 3. HP: 34/34 MP: 2/2
   980 | D:2      | Found a snail-covered altar of Cheibriados.
  1020 | D:2      | Reached skill level 4 in Axes
  1197 | D:2      | Noticed Natasha
  1211 | D:2      | Killed Natasha
  1211 | D:2      | Reached skill level 5 in Fighting
  1211 | D:2      | Reached XP level 4. HP: 38/42 MP: 3/3
  1228 | D:2      | Found a runed translucent door.
  1229 | D:2      | Noticed Crazy Yiuf
  1267 | D:2      | Noticed Sigmund
  1277 | D:2      | Killed Sigmund
  1277 | D:2      | Reached skill level 6 in Axes
  1277 | D:2      | Reached XP level 5. HP: 41/48 MP: 4/4
  1588 | D:2      | Noticed Natasha
  1595 | D:2      | Killed Natasha
  1595 | D:2      | Reached XP level 6. HP: 55/56 MP: 5/5
  1818 | D:2      | Killed Crazy Yiuf
  1915 | D:2      | Upgraded the game from 0.23.2-30-g0e89c35 to
                  | 0.23.2-33-g5129a83
  2065 | D:3      | Gained mutation: Your body sometimes deteriorates upon
                  | taking damage. [potion of mutation]
  2065 | D:3      | Gained mutation: You have sharp fingernails. [potion of
                  | mutation]
  2065 | D:3      | Gained mutation: Scrolls take you a little longer to read.
                  | [potion of mutation]
  2065 | D:3      | Gained mutation: You passively map a small area around you.
                  | [potion of mutation]
  2438 | D:3      | Reached skill level 7 in Axes
  2741 | D:4      | Found a stormy altar of Qazlal.
  2935 | D:4      | Reached XP level 7. HP: 57/63 MP: 6/6
  2996 | D:4      | Reached skill level 8 in Axes
  3379 | D:4      | Lost intelligence.
  3757 | D:4      | Lost intelligence.
  3866 | D:5      | Entered Level 5 of the Dungeon
  4211 | D:5      | Reached skill level 9 in Axes
  5004 | D:6      | Reached XP level 8. HP: 73/73 MP: 7/7
  5223 | D:6      | Found a staircase to the Ecumenical Temple.
  5655 | Temple   | Entered the Ecumenical Temple
  5834 | Temple   | Became a worshipper of Warmaster Okawaru
  6005 | D:7      | Reached skill level 10 in Axes
  6104 | D:7      | Reached skill level 5 in Armour
  6191 | D:7      | Found a glowing golden altar of the Shining One.
  6198 | D:7      | Reached skill level 1 in Invocations
  6373 | D:7      | Reached skill level 5 in Shields
  6508 | D:7      | Reached * piety under Okawaru
  6641 | D:7      | Reached XP level 9. HP: 81/81 MP: 10/10
  6654 | D:7      | Found a hide-covered altar of Uskayaw.
  6899 | D:8      | Found a radiant altar of Vehumet.
  6989 | D:8      | Identified a scroll of acquirement
  7016 | D:8      | Reached ** piety under Okawaru
  7081 | D:8      | Found a shadowy altar of Dithmenos.
  7093 | D:8      | Noticed Gastronok
  7094 | D:8      | Noticed a two-headed ogre
  7102 | D:8      | Killed a two-headed ogre
  7102 | D:8      | Reached *** piety under Okawaru
  7102 | D:8      | Reached skill level 11 in Axes
  7113 | D:8      | Killed Gastronok
  7113 | D:8      | Reached **** piety under Okawaru
  7113 | D:8      | Reached skill level 12 in Axes
  7113 | D:8      | Reached skill level 5 in Invocations
  7113 | D:8      | Reached XP level 10. HP: 25/91 MP: 10/12
  7116 | D:8      | Reached ***** piety under Okawaru
  7684 | D:8      | Found a burning altar of Makhleb.
  8382 | D:9      | Received a gift from Okawaru
  8396 | D:9      | Found a staircase to the Lair.
  8406 | D:9      | Reached XP level 11. HP: 65/99 MP: 11/14
  8421 | D:9      | Reached skill level 10 in Fighting
  8421 | D:9      | Reached skill level 13 in Axes
  8637 | D:9      | Noticed a two-headed ogre
  8643 | D:9      | Killed a two-headed ogre
  8896 | D:9      | Noticed a two-headed ogre
  8904 | D:9      | Killed a two-headed ogre
  9024 | D:10     | Entered Level 10 of the Dungeon
  9134 | D:10     | Noticed Psyche
  9135 | D:10     | Noticed Sonja
  9141 | D:10     | Killed Psyche
  9484 | D:10     | Noticed Josephine
  9502 | D:10     | Killed Josephine
  9532 | D:10     | Noticed a two-headed ogre
  9543 | D:10     | Killed a two-headed ogre
  9586 | D:10     | Identified Joatur's Reference Book on the Feathery Arsonist
  9606 | D:10     | Noticed a two-headed ogre
  9617 | D:10     | Killed a two-headed ogre
  9617 | D:10     | Received a gift from Okawaru
 10025 | D:10     | Found a basalt altar of Yredelemnul.
 10039 | D:10     | Reached skill level 10 in Shields
 10665 | D:10     | Killed Sonja
 10665 | D:10     | Reached skill level 10 in Armour
 10883 | Lair:1   | Entered Level 1 of the Lair of Beasts
 10905 | Lair:1   | Reached XP level 12. HP: 99/106 MP: 17/17
 11112 | Lair:1   | Noticed Erica
 11131 | Lair:1   | Killed Erica
 11131 | Lair:1   | Received a gift from Okawaru
 11880 | Lair:2   | Reached skill level 10 in Invocations
 11977 | Lair:2   | Found a hole to the Spider Nest.
 12056 | Lair:2   | Reached skill level 1 in Dodging
 12555 | Lair:2   | Noticed a six-headed hydra
 12561 | Lair:2   | Killed a nine-headed hydra
 12618 | Lair:2   | Noticed a seven-headed hydra
 12625 | Lair:2   | Killed an 11-headed hydra
 12625 | Lair:2   | Reached skill level 14 in Axes
 13155 | Lair:3   | Noticed a four-headed hydra
 13160 | Lair:3   | Received a gift from Okawaru
 13163 | Lair:3   | Killed a seven-headed hydra
 13453 | Lair:3   | Found a staircase to the Shoals.
 13979 | Lair:4   | Reached XP level 13. HP: 103/116 MP: 18/20
 15453 | Lair:5   | Found a viscous altar of Jiyva.
 15453 | Lair:5   | Found a staircase to the Slime Pits.
 15779 | Lair:6   | Entered Level 6 of the Lair of Beasts
 15863 | Lair:6   | Found a gate leading to a gauntlet.
 16099 | Lair:6   | Reached skill level 15 in Axes
 17729 | D:11     | Reached skill level 16 in Axes
 17777 | D:11     | Reached skill level 5 in Dodging
 17777 | D:11     | Reached XP level 14. HP: 121/126 MP: 22/22
 17824 | D:11     | Noticed Erolcha
 17831 | D:11     | Killed Erolcha
 18265 | D:11     | Noticed Nergalle
 18273 | D:11     | Killed Nergalle
 18430 | D:11     | Received a gift from Okawaru
 18443 | D:11     | Got an ancient ring mail {god gift}
 18454 | D:11     | Identified the +1 ring mail of Jyanaiw {Dex+6} (Okawaru
                  | gifted it to you on level 11 of the Dungeon)
 18867 | D:12     | Found a staircase to the Orcish Mines.
 18874 | D:12     | Found a roughly hewn altar of Beogh.
 19475 | Orc:1    | Entered Level 1 of the Orcish Mines
 19493 | Orc:1    | Noticed Urug
 19508 | Orc:1    | Killed Urug
 19731 | Orc:1    | Noticed a stone giant
 19744 | Orc:1    | Killed a stone giant
 20016 | Orc:1    | Found Akobux's Antique Weapon Shoppe.
 20022 | Orc:1    | Found a roughly hewn altar of Beogh.
 20377 | Orc:2    | Entered Level 2 of the Orcish Mines
 20648 | Orc:2    | Noticed Saint Roka
 20662 | Orc:2    | Found a roughly hewn altar of Beogh.
 20664 | Orc:2    | Noticed Blork the orc
 20669 | Orc:2    | Demolished by Saint Roka

Skill      XL: |  1  2  3  4  5  6  7  8  9 10 11 12 13 14 |
---------------+-------------------------------------------+-----
Fighting       | 4 5 6 7 8 9 10 11 12 | 12.1
Axes           | 3 4 6 7 9 10 12 13 14 16 | 16.2
Shields        | 4 5 6 7 10 | 10.0
Armour         | 4 5 7 10 11 | 11.0
Invocations    | 3 5 6 9 11 12 14 | 14.1
Dodging        | 3 5 |  5.2
Spellcasting   | |  0.6

Action                   |  1- 3 |  4- 6 |  7- 9 | 10-12 | 13-15 || total
-------------------------+-------+-------+-------+-------+-------++-------
Melee: War axe           |   117 |   170 |   214 |    69 |       ||   570
       Headbutt          |    16 |    19 |    51 |    86 |   114 ||   286
       Broad axe         |       |       |       |   337 |   510 ||   847
Invok: Heroism           |       |       |     3 |    54 |    45 ||   102
  Use: Scroll            |       |     6 |     9 |     5 |    10 ||    30
       Potion            |       |     5 |     5 |     4 |     4 ||    18
 Stab: Invisible         |       |       |       |     1 |       ||     1
       Petrified         |       |       |       |       |     6 ||     6
  Eat: Chunk             |     1 |     6 |    14 |    19 |    21 ||    61
       Ration            |       |       |       |     2 |       ||     2
Armor: Chain mail        |    57 |       |       |       |       ||    57
       Plate armour      |    48 |   111 |   102 |   176 |   133 ||   570
Dodge: Dodged            |    31 |    36 |    61 |   183 |   172 ||   483
       Deflected         |       |       |       |       |     3 ||     3
Block: Shield            |   102 |    82 |    94 |    88 |   331 ||   697
       Buckler           |       |       |     9 |    76 |       ||    85
